 Dungeon Crawl Stone Soup version 0.25-a0-290-g4a1327ee3a (webtiles) character file.

Game seed: 16610854462899011672, levelgen mode: deterministic

299 MisterFreud the Ducker (level 6, -4/47 HPs)
             Began as a Merfolk Wanderer on Dec 13, 2019.
             Splashed by Ijyb's acid (9 damage)
             ... on level 3 of the Dungeon.
             The game lasted 00:09:36 (4450 turns).

MisterFreud the Ducker (Merfolk Wanderer)           Turns: 4450, Time: 00:09:36

Health: -4/47      AC: -3    Str: 13    XL:     6   Next: 36%
Magic:  0/9        EV: 14    Int: 13    God:
Gold:   126        SH:  0    Dex: 13    Spells: 6/9 levels left

rFire    . . .     SeeInvis .   s - +2 short sword (venom)
rCold    . . .     Gourm    .   (no shield)
rNeg     . . .     Faith    .   c - +0 robe
rPois    .         Spirit   +   q - +2 helmet
rElec    .         Reflect  .   (no cloak)
rCorr    .         Harm     .   (no gloves)
MR       +....     Rnd*Tele +   (no boots)
Stlth    ++........             h - amulet of guardian spirit (curse)
HPRegen  0.15/turn              n - ring of protection from magic
MPRegen  0.11/turn              o - ring of teleportation (curse)

@: corroded, flying, very slightly contaminated, invisible
A: change form in water, swift swim, stealthy swim
a: no special abilities


You were on level 3 of the Dungeon.
You were not hungry.

You visited 1 branch of the dungeon, and saw 3 of its levels.

You collected 126 gold pieces.

Inventory:

Hand Weapons
 s - a +2 short sword of venom (weapon)
Missiles
 e - a throwing net (quivered)
 j - 15 poisoned darts
Armour
 c - a +0 robe (worn)
 q - a +2 helmet (worn)
Jewellery
 h - a cursed amulet of guardian spirit (around neck)
 n - a ring of protection from magic (left hand)
 o - a cursed ring of teleportation (right hand)
Scrolls
 d - 2 scrolls of remove curse
 k - a scroll of fear
Potions
 a - a potion of degeneration
 b - 3 potions of curing
 g - a potion of brilliance
Comestibles
 f - 7 rations
 r - 3 chunks of flesh


   Skills:
 - Level 3.0 Fighting
 + Level 5.2 Dodging
 - Level 1.1 Stealth
   Level 1.0 Shields
 - Level 2.0 Spellcasting
 - Level 4.0 Summonings
   Level 3.2 Ice Magic
   Level 1.0 Earth Magic


You had 6 spell levels left.
You knew the following spells:

 Your Spells              Type           Power        Failure   Level  Hunger
a - Magic Dart            Conj           #...         26%         1    ##.....
b - Call Imp              Summ           ##......     8%          2    ###....

Your spell library contained the following spells:

 Spells                   Type           Power        Failure   Level  Hunger
 Blink                    Tloc           N/A          36%         2    ###....
 Slow                     Hex            #.......     36%         2    ###....
 Conjure Flame            Conj/Fire      #.......     58%         3    ####...
 Mephitic Cloud           Conj/Pois/Air  #.......     58%         3    ####...


Dungeon Overview and Level Annotations

Branches:
Dungeon (3/15)

Altars:
Ashenzari
Dithmenos
Makhleb
Wu Jian

Annotations:
D:3 Ijyb


Message History

You fly up into the air.
Ijyb hits you with a +0 club.
It was a potion of invisibility.
You fade into invisibility!
You catch the helpless Ijyb completely off-guard!
You hit Ijyb.
Ijyb is poisoned.
Ijyb is lightly wounded.
You strike the helpless Ijyb from behind!
You hit Ijyb.
Ijyb is moderately wounded.
Ijyb hits you with a +0 club.
* * * LOW HITPOINT WARNING * * *
You hit Ijyb.
Ijyb looks as sick as possible!
Ijyb is heavily wounded.
Ijyb zaps a wand.
The bolt of acid misses you.
You miss Ijyb.
Ijyb is heavily wounded.
Ijyb zaps a wand.
The bolt of acid hits you!
* * * LOW HITPOINT WARNING * * *
The acid corrodes you!
You are splashed with acid!
You die...

#........._..##.#
...##........##.#
..###..#......#.#
###
#..######...## #
#..########..# #
#......# #..#
#####......# #..#
...........#
##..####
...........#
#..@...#
#####......#
#...g..# #......#
#..$...# #......#
#......# ########
#......# ########


You could see Ijyb.

Vanquished Creatures
  A hound (D:3)
  4 adders (D:3)
  An ooze (D:3)
  2 dart slugs
  2 leopard geckos
  2 orcs (D:3)
  5 giant cockroaches
  7 goblins
  11 hobgoblins
  4 jackals (D:1)
  A quokka (D:3)
  2 ball pythons (D:2)
  8 bats
  2 frilled lizards
  7 kobolds
  8 rats
67 creatures vanquished.

Vanquished Creatures (collateral kills)
  Sigmund (D:3)
  A worker ant zombie (D:3)
  A shadow imp (D:2)
  2 worms (D:2)
  A leopard gecko (D:2)
  A goblin (D:2)
  A hobgoblin (D:1)
  4 jackals (D:1)
  4 kobolds
  A frilled lizard (D:3)
17 creatures vanquished.

Grand Total: 84 creatures vanquished

Notes
Turn   | Place    | Note
-------+----------+-------------------------------------------
     0 | D:1      | MisterFreud the Merfolk Wanderer began the quest for the
                  | Orb.
     0 | D:1      | MisterFreud set off with the following items: a +0 club, 2
                  | potions of curing, a +0 robe, a ration; and the following
                  | spell memorised: Magic Dart; and the following spells
                  | available to memorise: Call Imp, Blink, Slow, Conjure
                  | Flame, Mephitic Cloud
     0 | D:1      | Reached XP level 1. HP: 13/13 MP: 3/3
   275 | D:1      | Reached skill level 1 in Fighting
   380 | D:1      | Reached XP level 2. HP: 22/22 MP: 0/5
   733 | D:1      | Learned a level 2 spell: Call Imp
  1119 | D:1      | Reached XP level 3. HP: 10/28 MP: 1/6
  2709 | D:2      | Reached XP level 4. HP: 13/35 MP: 1/7
  3082 | D:3      | Found a burning altar of Makhleb.
  3153 | D:3      | Found a shadowy altar of Dithmenos.
  3468 | D:3      | Found an ornate altar of the Wu Jian Council.
  3545 | D:3      | Reached XP level 5. HP: 41/41 MP: 8/8
  3605 | D:3      | Noticed Sigmund
  3864 | D:3      | Reached skill level 1 in Dodging
  4060 | D:3      | Reached skill level 2 in Dodging
  4100 | D:3      | Killed Sigmund
  4100 | D:3      | Reached skill level 4 in Dodging
  4100 | D:3      | Reached XP level 6. HP: 28/47 MP: 4/9
  4110 | D:3      | Reached skill level 5 in Dodging
  4194 | D:3      | Found a shattered altar of Ashenzari.
  4436 | D:3      | Noticed Ijyb
  4450 | D:3      | Splashed by Ijyb's acid

Levels and vault maps discovered:
D:1:      eino_arrival_druids_welcome, layout_loops_ring
D:2:      layout_loops_cross
D:3:      minmay_skewed_foursquare, layout_rooms, lemuel_coloured_pillars_altar,
          ashenzari_conservatory_becter, grunt_dithmenos_smoke, first_ration,
          makhleb_blood_cavern_becter, uniq_ijyb, uniq_sigmund

Skill      XL: |  1  2  3  4  5  6 |
---------------+-------------------+-----
Fighting       | 1 2 3 |  3.0
Summonings     | 3 4 |  4.0
Dodging        | 4 5 |  5.2
Stealth        | |  1.1
Shields        | |  1.0
Spellcasting   | |  2.0
Ice Magic      | |  3.2
Earth Magic    | |  1.0

Action                   |  1- 3 |  4- 6 || total
-------------------------+-------+-------++-------
Melee: Dagger            |   194 |    98 ||   292
       Short sword       |       |    12 ||    12
 Cast: Magic Dart        |    13 |       ||    13
       Call Imp          |    13 |     5 ||    18
  Use: Potion            |     3 |     2 ||     5
       Scroll            |     7 |     2 ||     9
 Stab: Sleeping          |     2 |     2 ||     4
       Distracted        |       |     1 ||     1
       Invisible         |       |     2 ||     2
  Eat: Chunk             |     7 |     6 ||    13
Armor: Robe              |    34 |    41 ||    75
Dodge: Dodged            |   134 |    81 ||   215

Table legend:
 A = Non-vault XP
 B = Vault XP
 C = Vault XP percentage of total XP
 D = Non-vault monster count
 E = Vault monster count
 F = Vault count percentage of total count
                 A         B        C        D         E       F
            +---------+---------+-------+---------+---------+-------
      Total |     181 |     247 |  57.7 |      74 |      10 |  11.9
            +---------+---------+-------+---------+---------+-------
        D:1 |      37 |       0 |   0.0 |      24 |       0 |   0.0
        D:2 |      49 |       0 |   0.0 |      26 |       0 |   0.0
        D:3 |      95 |     247 |  72.2 |      24 |      10 |  29.4
            +---------+---------+-------+---------+---------+-------
